 Dungeon Crawl Stone Soup version 0.24.0-1-gfbc8707 (webtiles) character file.

Game seed: 8245787625780588875, levelgen mode: deterministic

2402 Illumine the Carver (level 9, 0/79 HPs)
             Began as a Minotaur Berserker on Oct 27, 2019.
             Was an Elder of Trog.
             Slain by a komodo dragon (18 damage)
             ... on level 9 of the Dungeon.
             The game lasted 00:06:21 (5392 turns).

Illumine the Carver (Minotaur Berserker)            Turns: 5392, Time: 00:06:23

Health: 0/79       AC: 11    Str: 24    XL:     9   Next: 23%
Magic:  8/8        EV: 11    Int:  4    God:    Trog [****..]
Gold:   260        SH:  0    Dex: 11    Spells: 8/8 levels left

rFire    . . .     SeeInvis .   B - +3 long sword of Infection {venom, rN+}
rCold    . . .     Gourm    .   (no shield)
rNeg     + + .     Faith    .   m - +0 chain mail
rPois    .         Spirit   .   (helmet restricted)
rElec    .         Reflect  .   j - +0 cloak
rCorr    .         Harm     .   (no gloves)
MR       +....                  (no boots)
Stlth    ..........             (no amulet)
HPRegen  0.23/turn              h - ring of positive energy
MPRegen  0.11/turn              w - ring of protection from magic

@: no status effects
A: retaliatory headbutt, horns 2
a: Berserk, Trog's Hand, Brothers in Arms, Renounce Religion


You were on level 9 of the Dungeon.
You worshipped Trog.
Trog was greatly pleased with you.
You were not hungry.

You visited 2 branches of the dungeon, and saw 9 of its levels.

You collected 260 gold pieces.

Inventory:

Hand Weapons
 a - a +0 falchion
 v - a cursed +0 flail
 B - the +3 long sword of Infection (weapon) {venom, rN+}
   (You found it on level 6 of the Dungeon)

   It poisons the flesh of those it strikes.
   It protects you from negative energy.
Missiles
 d - 265 stones (quivered)
Armour
 j - a +0 cloak (worn)
 m - a +0 chain mail (worn)
Jewellery
 h - a ring of positive energy (left hand)
 p - an uncursed ring of fire
 w - a ring of protection from magic (right hand)
Wands
 y - a wand of scattershot (7)
 z - a wand of acid (19)
Scrolls
 g - 2 scrolls of remove curse {unknown}
 k - 2 scrolls of teleportation {unknown}
 o - a scroll of immolation {unknown}
 r - a scroll of blinking {unknown}
 u - 2 scrolls of enchant armour {unknown}
 x - 2 scrolls of enchant weapon {unknown}
 A - a scroll of amnesia {unknown}
 C - 3 scrolls of random uselessness {unknown}
Potions
 e - 3 potions of lignification
 f - a potion of haste
 i - 3 potions of invisibility
 l - a potion of mutation
 n - 2 potions of curing
 q - a potion of flight {unknown}
 s - a potion of might {unknown}
 t - a potion of heal wounds {unknown}
Comestibles
 b - 2 chunks of flesh
 c - 11 rations


   Skills:
 + Level 7.5 Fighting
 * Level 10.1 Long Blades
 + Level 7.0 Armour
 + Level 6.4 Dodging


You had 8 spell levels left.
You didn't know any spells.
Your spell library was empty.

Dungeon Overview and Level Annotations

Branches:
Dungeon (9/15)               Lair (1/6) D:9
 Temple: D:4-7          Orc: D:9-12

Altars:
Ashenzari
Elyvilon
Kikubaaqudgha
Makhleb
Nemelex Xobeh
Sif Muna
Uskayaw
Yredelemnul
Zin

Annotations:
D:2 2 transporters, Menkaure
D:9 2 transporters, edsrzf's ghost, novice OpAE


Innate Abilities, Weirdness & Mutations

You reflexively headbutt those who attack you in melee.
You have a pair of horns on your head.


Message History

Your headbutt misses the komodo dragon.
The komodo dragon is moderately wounded.
The blink frog closely misses you. You furiously retaliate!
You headbutt the blink frog. The komodo dragon bites you!!
The blink frog hits you!
Unknown command.
The komodo dragon closely misses you. You furiously retaliate!
You headbutt the komodo dragon. The blink frog hits you!
You climb upwards.
Welcome back to the Dungeon!
Level annotation: 2 transporters, edsrzf's ghost, novice OpAE
There is a staircase to the Lair here.
Unknown command.
You slash the komodo dragon!
The komodo dragon looks as sick as possible!
You headbutt the komodo dragon.
The komodo dragon is severely wounded.
The blink frog hits you!
* * * LOW HITPOINT WARNING * * *
The blink frog blinks!
The komodo dragon bites you!!
You die...

#.. ######... #..
##### ##...##...
#..##...#####.........
#.......÷.....©.......
#.......#############.
#.......#.........$.#.
#.......#W..........#.
#.......#W.##...##..#.
#....@..#WZ#8...8#..#.
#.F..l§.#W.##...##..#.
#.......#.....©.....#.
#.......#..##...##..#.
#.......#..# .. #..#.
#<......#..# ..##..#.
#..##...#.... ......#.
#.. #+#.#©... !!....#.
#######.


You could see a komodo dragon, 2 hungry ghosts, a blink frog, a shadow, edsrzf's
ghost and a bullfrog zombie.

Vanquished Creatures
  A blink frog (Lair:1)
  2 orc warriors
  3 ice beasts
  An ogre (D:4)
  A phantom (D:9)
  A big kobold (D:7)
  5 bullfrogs
  A wyvern zombie (D:9)
  2 scorpions
  5 killer bees (D:8)
  2 howler monkeys
  2 crimson imps (D:8)
  3 orc priests
  4 hounds
  A jelly (D:9)
  2 orc wizards (D:8)
  A centaur skeleton (D:9)
  6 worker ants
  4 gnolls (D:4)
  9 adders
  An adder skeleton (D:6)
  A worm (D:2)
  2 dart slugs
  2 leopard geckos
  11 orcs
  5 giant cockroaches
  7 hobgoblins
  8 kobolds
  3 quokkas
  2 ball pythons
  7 bats
  6 frilled lizards
  5 goblins
  A quokka skeleton (D:6)
  8 rats
125 creatures vanquished.

Notes
Turn   | Place    | Note
-------+----------+-------------------------------------------
     0 | D:1      | Illumine the Minotaur Berserker began the quest for the
                  | Orb.
     0 | D:1      | Reached XP level 1. HP: 19/19 MP: 0/0
   252 | D:1      | Reached XP level 2. HP: 27/27 MP: 1/1
   295 | D:1      | Reached skill level 4 in Long Blades
   561 | D:2      | Reached XP level 3. HP: 28/33 MP: 2/2
   788 | D:2      | Reached ** piety under Trog
  1027 | D:2      | Reached XP level 4. HP: 40/40 MP: 3/3
  1072 | D:2      | Found a burning altar of Makhleb.
  1082 | D:2      | Found an ancient bone altar of Kikubaaqudgha.
  1084 | D:2      | Noticed Menkaure
  1086 | D:2      | Found a transporter.
  1108 | D:2      | Found a transporter.
  1142 | D:2      | Found a white marble altar of Elyvilon.
  1287 | D:2      | Found a basalt altar of Yredelemnul.
  1584 | D:2      | Found a shimmering blue altar of Sif Muna.
  2022 | D:3      | Reached skill level 5 in Long Blades
  2128 | D:3      | Reached XP level 5. HP: 47/47 MP: 4/4
  2431 | D:4      | Noticed an ogre
  2437 | D:4      | Killed an ogre
  2437 | D:4      | Reached XP level 6. HP: 34/55 MP: 5/5
  2675 | D:4      | Reached skill level 6 in Long Blades
  2678 | D:4      | Reached skill level 5 in Fighting
  2998 | D:4      | Reached *** piety under Trog
  3502 | D:4      | You fall into a shaft and drop 2 floors!
  3504 | D:6      | Got a fine long sword
  3505 | D:6      | Identified the +3 long sword of Infection {venom, rN+} (You
                  | found it on level 6 of the Dungeon)
  3550 | D:6      | Reached XP level 7. HP: 55/61 MP: 6/6
  3610 | D:6      | Reached skill level 7 in Long Blades
  3655 | D:6      | Found a hide-covered altar of Uskayaw.
  3658 | D:6      | Found a glowing silver altar of Zin.
  3661 | D:6      | Found a sparkling altar of Nemelex Xobeh.
  3743 | D:6      | Reached skill level 5 in Armour
  3921 | D:8      | Reached skill level 8 in Long Blades
  3921 | D:8      | Reached skill level 5 in Dodging
  3921 | D:8      | Reached XP level 8. HP: 61/70 MP: 7/7
  3933 | D:8      | Found a shattered altar of Ashenzari.
  4502 | D:8      | Reached skill level 9 in Long Blades
  4515 | D:8      | Reached **** piety under Trog
  5088 | D:9      | Reached XP level 9. HP: 79/79 MP: 8/8
  5184 | D:9      | Found a transporter.
  5185 | D:9      | Noticed edsrzf's ghost (novice OpAE)
  5232 | D:9      | Found a staircase to the Lair.
  5244 | D:9      | Found a transporter.
  5246 | Lair:1   | Entered Level 1 of the Lair of Beasts
  5249 | Lair:1   | Noticed a komodo dragon
  5388 | Lair:1   | Reached skill level 10 in Long Blades
  5392 | D:9      | Slain by a komodo dragon

Levels and vault maps discovered:
D:1:      minmay_arrival_shattered_statue, layout_rooms
D:2:      layout_loops_corners, gammafunk_temple_of_torment, marbit_many_paths,
          lemuel_blue_sif_altar, bloody_makhleb
D:3:      layout_loops_ring, first_ration
D:4:      layout_cave_pools, kennysheep_doodads
D:6:      layout_rooms, grunt_temple_overflow_diamond
D:7:      lemuel_ice_spiral_2, layout_basic, lemuel_coloured_pillars_altar,
          minmay_temple_entry_proselytizer, serial_shops, kennysheep_little_box,
          grunt_livestock
D:8:      layout_gridville, cheibrodos_ashenzari_chains
D:9:      layout_gridville, lair_entry_dummy, gammafunk_ghost_mausoleum,
          chequers_guarded_unrand_ignorance, uniq_joseph
Lair:1:   layout_cave_pods, gammafunk_ghost_hive, uniq_erica

Skill      XL: |  1  2  3  4  5  6  7  8  9 |
---------------+----------------------------+-----
Long Blades    | 4 5 6 8 9 10 | 10.1
Fighting       | 4 5 6 7 |  7.5
Armour         | 3 4 5 6 7 |  7.0
Dodging        | 3 4 5 6 |  6.4

Action                   |  1- 3 |  4- 6 |  7- 9 || total
-------------------------+-------+-------+-------++-------
Melee: Falchion          |    45 |   126 |       ||   171
       Headbutt          |     6 |    18 |    30 ||    54
       Long sword        |       |     2 |   131 ||   133
Invok: Berserk           |       |     2 |       ||     2
  Use: Scroll            |       |       |     4 ||     4
       Potion            |       |       |     1 ||     1
  Eat: Chunk             |       |    10 |     6 ||    16
Armor: Ring mail         |    16 |    11 |       ||    27
       Chain mail        |       |    56 |    93 ||   149
Dodge: Dodged            |    38 |    60 |   112 ||   210
       Rpst.: Falchion   |    12 |    17 |       ||    29
       Long sword        |       |       |    33 ||    33
